[Event "Titled Tuesday Blitz May 03 Early 2022"]
[White "Tan, Jun Ying"]
[Black "Erdogdu, Mert"]
[WhiteFideId "5710413"]
[BlackFideId "6301495"]
[WhiteElo "1827"]
[BlackElo "2485"]
[Result "1-0"]
[Round "04"]
[TimeControl "180+1"]
[Date "2022.05.03"]
[WhiteClock "0:00:04"]
[BlackClock "0:00:06"]

1. d4 d5 2. c4 e6 3. Nc3 c5 4. cxd5 exd5 5. Nf3 Nc6 6. g3 Nf6 7. Bg2 Be7 8. O-O O-O 9. dxc5 Bxc5 10. Na4 Be7 11. Be3 Re8 12. Rc1 Bg4 13. Bc5 Bxc5 14. Nxc5 Qe7 15. Re1 Rad8 16. Nd3 d4 17. Qc2 Ne4 18. a3 h6 19. Nd2 Ng5 20. Nf4 d3 21. Nxd3 Nd4 22. Qc4 Nxe2+ 23. Kh1 Nxc1 24. Rxe7 Rxe7 25. Nxc1 Rxd2 26. h4 Rd1+ 27. Kh2 Nf3+ 28. Bxf3 Bxf3 29. Qc8+ Kh7 30. Qc2+ g6 31. g4 Bxg4 32. Kg3 Bh5 33. f3 Rde1 34. Nb3 R1e3 35. Nd4 Rd7 36. Qc4 Re5 37. Qa4 Rde7 38. Qxa7 Rd5 39. Qa4 Red7 40. Ne2 Rd3 41. Ng1 Kg7 42. Qe4 Kh7 43. Qa4 g5 44. hxg5 hxg5 45. b4 Bg6 46. b5 Rc3 47. Qg4 Rd5 48. a4 Kg7 49. Qb4 Rdd3 50. a5 Rb3 51. Qc5 f6 52. Qc7+ Bf7 53. Qxb7 f5 54. b6 Kf6 55. Qc6+ Be6 56. b7 f4+ 57. Kf2 Rb2+ 58. Ne2 Rdd2 59. Qc3+ Ke7 60. Qxd2 Rxb7 61. Nxf4 gxf4 62. Qxf4 Rb2+ 63. Kg3 Ra2 64. Qb4+ Kf6 65. Qb6 Kf5 66. a6 Bd5 67. a7 Ra3 68. Kf2 Rxf3+ 69. Ke2 Ra3 70. Qb5 Ke5 71. Qb6 Ra2+ 72. Kd3 Ra3+ 73. Kc2 Ra2+ 74. Kb1 Ra4 75. Qb8+ Ke4 76. Qe8+ Kd3 77. Qxa4 1-0


[Site "https://www.chess.com"]

[Event "Titled Tuesday Blitz May 03 Early 2022"]
[White "Tanenbaum, Zachary"]
[Black "Aaditya Dhingra"]
[WhiteFideId "2060850"]
[BlackFideId "25678191"]
[WhiteElo "2168"]
[BlackElo "1849"]
[Result "1/2-1/2"]
[Round "04"]
[TimeControl "180+1"]
[Date "2022.05.03"]
[WhiteClock "0:00:09"]
[BlackClock "0:00:14"]

1. e4 e5 2. Nf3 Nc6 3. Bc4 Nf6 4. d3 Be7 5. O-O d6 6. a4 O-O 7. Re1 Na5 8. Ba2 c5 9. Nbd2 h6 10. c3 Qc7 11. b4 Nc6 12. b5 Nd8 13. Bb2 Be6 14. Bxe6 Nxe6 15. Rc1 a6 16. Qb3 Nf4 17. Qc4 Nd7 18. d4 Nb6 19. Qf1 Nxa4 20. Ba1 Bf6 21. Rb1 axb5 22. Qxb5 Rfb8 23. g3 Ra5 24. Qf1 Ne6 25. Nc4 Ra6 26. dxe5 dxe5 27. Ne3 Ng5 28. Nxg5 Bxg5 29. Nd5 Qc6 30. c4 Bf6 31. f4 Re8 32. Nxf6+ gxf6 33. Qh3 Nb6 34. Qg4+ Kh8 35. Qh4 Kg7 36. fxe5 fxe5 37. Rf1 Nxc4 38. Qg4+ Qg6 39. Qxg6+ Rxg6 40. Rxb7 Nd6 41. Rc7 c4 42. Bc3 Rf6 43. Re1 Nb5 44. Rxc4 Nxc3 45. Rxc3 Rd8 46. Rc2 Rd4 47. Kg2 Rfd6 48. Ree2 Kf6 49. Rc5 Ke6 50. Rf2 Rd2 51. Rxd2 Rxd2+ 52. Kh3 Rd4 53. Rc6+ Ke7 54. Rxh6 Rxe4 55. Kg2 Rd4 56. h4 Kf8 57. Ra6 Kg7 58. Kf3 Rd3+ 59. Kg4 f5+ 60. Kxf5 Rxg3 61. Kxe5 Rg4 62. h5 Rg5+ 63. Kf4 Rxh5 64. Ra7+ Kf8 65. Ra8+ Ke7 66. Kg4 Rc5 67. Kf4 Kd7 68. Ke4 Rc8 69. Rxc8 Kxc8 1/2-1/2


[Site "https://www.chess.com"]

[Event "Titled Tuesday Blitz May 03 Early 2022"]
[White "Tasev, Dejan"]
[Black "Fiorito, Fabian"]
[WhiteFideId "936618"]
[BlackFideId "100200"]
[WhiteElo "2253"]
[BlackElo "2395"]
[Result "0-1"]
[Round "04"]
[TimeControl "180+1"]
[Date "2022.05.03"]
[WhiteClock "0:00:37"]
[BlackClock "0:00:19"]

1. e4 c6 2. d4 d5 3. Nc3 dxe4 4. Nxe4 Nf6 5. Nxf6+ exf6 6. c3 Bd6 7. Bd3 O-O 8. Qc2 Re8+ 9. Ne2 h5 10. h3 Nd7 11. Bd2 Nf8 12. O-O-O h4 13. g3 hxg3 14. Nxg3 Bxg3 15. fxg3 Be6 16. Kb1 Bd5 17. Rhg1 Qd7 18. g4 Ng6 19. g5 fxg5 20. Rxg5 Qxh3 21. Bc1 Re6 22. Rdg1 Qxd3 23. Qxd3 Be4 24. Kc2 Rae8 25. Qxe4 Rxe4 26. Kd3 Re2 27. R5g2 Rxg2 28. Rxg2 Nh4 29. Rf2 f6 30. c4 Kf7 31. d5 cxd5 32. cxd5 Ng6 33. Bf4 Rd8 34. Kc4 Nxf4 35. Rxf4 g5 36. Re4 Rc8+ 37. Kd3 Rc1 38. Rb4 b6 39. Ra4 a5 40. b4 axb4 41. Rxb4 f5 42. Rxb6 g4 43. Ke3 Rf1 44. Rb4 g3 45. Rb7+ Kf6 46. Rb6+ Ke5 47. Rg6 f4+ 48. Ke2 Rf2+ 49. Ke1 Kxd5 50. a4 Ra2 51. a5 Ke4 52. a6 Kf3 0-1


[Site "https://www.chess.com"]

[Event "Titled Tuesday Blitz May 03 Early 2022"]
[White "Tatarinov, Dmitry"]
[Black "Ramirez Vido, Robert Yorisan"]
[WhiteFideId "24160067"]
[BlackFideId "3513823"]
[WhiteElo "2302"]
[BlackElo "2297"]
[Result "1-0"]
[Round "04"]
[TimeControl "180+1"]
[Date "2022.05.03"]
[WhiteClock "0:00:32"]
[BlackClock "0:00:02"]

1. e4 d6 2. d4 Nf6 3. Nc3 g6 4. h4 c5 5. dxc5 Qa5 6. Bd2 Qxc5 7. Be3 Qb4 8. Qd4 Qxd4 9. Bxd4 Bg7 10. Nd5 Nxd5 11. Bxg7 Rg8 12. Bd4 Nb4 13. Kd2 Be6 14. b3 Nd7 15. c4 Nc6 16. Bc3 Nc5 17. Ke3 f6 18. Ne2 Kf7 19. Nf4 Ne5 20. Be2 Rac8 21. Nxe6 Kxe6 22. Rac1 Kf7 23. g3 Nc6 24. h5 g5 25. Bg4 Rc7 26. h6 Ne5 27. Bh5+ Ke6 28. Be2 Kd7 29. Rcg1 Nf7 30. f4 e5 31. Bg4+ Ke7 32. Bf5 gxf4+ 33. gxf4 Rxg1 34. Rxg1 Nxh6 35. Bxh7 Kf8 36. Rg6 Rxh7 37. Rxf6+ Ke7 38. Rg6 exf4+ 39. Kxf4 Rf7+ 40. Ke3 Rh7 41. e5 dxe5 42. Bxe5 Nd7 43. Bf4 Nf5+ 44. Ke4 Rf7 45. Bg5+ Kf8 46. Kd5 Nb6+ 47. Ke5 Ne7 48. Bh6+ Ke8 49. Rg2 Rh7 50. Be3 Nc6+ 51. Kd6 Rd7+ 52. Kc5 Ne5 53. Kb5 Re7 54. Bc5 Re6 55. Rg8+ Kf7 56. Rf8+ Kg6 57. Rb8 Ned7 58. Rxb7 Re5 59. b4 Nxc5 60. bxc5 Nc8 61. Rc7 Nd6+ 62. Kb4 Nf5 63. Rxa7 Nd4 64. Rd7 Kf6 65. Rxd4 1-0


[Site "https://www.chess.com"]

[Event "Titled Tuesday Blitz May 03 Early 2022"]
[White "Terzi, Alexei"]
[Black "Shyaamnikhil P"]
[WhiteFideId "13505076"]
[BlackFideId "5024218"]
[WhiteElo "2031"]
[BlackElo "2329"]
[Result "0-1"]
[Round "04"]
[TimeControl "180+1"]
[Date "2022.05.03"]
[WhiteClock "0:00:18"]
[BlackClock "0:00:35"]

1. e4 c5 2. Nc3 a6 3. g3 b5 4. Bg2 Bb7 5. f4 Nf6 6. d3 b4 7. Nce2 d6 8. Nf3 g6 9. O-O Bg7 10. c3 a5 11. e5 Nd5 12. d4 O-O 13. Ng5 c4 14. e6 f5 15. b3 Nxc3 16. Nxc3 Bxg2 17. Kxg2 bxc3 18. bxc4 Qc8 19. Qd3 Nc6 20. Be3 Nb4 21. Qxc3 Nd5 22. Qd3 Qxc4 23. Rfd1 Qxd3 24. Rxd3 Nxe3+ 25. Rxe3 Bxd4 26. Rae1 Bxe3 27. Rxe3 Rfc8 28. a3 Rab8 29. Kh3 Rb2 30. Nf3 Rcc2 31. g4 a4 32. gxf5 gxf5 33. Kh4 Rb3 0-1


[Site "https://www.chess.com"]

[Event "Titled Tuesday Blitz May 03 Early 2022"]
[White "Thybo, Jesper Sondergaard"]
[Black "Petre, Nad-Titus"]
[WhiteFideId "1438832"]
[BlackFideId "1204165"]
[WhiteElo "2316"]
[BlackElo "2354"]
[Result "1-0"]
[Round "04"]
[TimeControl "180+1"]
[Date "2022.05.03"]
[WhiteClock "0:00:17"]
[BlackClock "0:00:02"]

1. Nf3 Nf6 2. b3 g6 3. Bb2 Bg7 4. g3 O-O 5. Bg2 d5 6. O-O c5 7. e3 Nc6 8. Ne5 Ne8 9. Nxc6 bxc6 10. Bxg7 Kxg7 11. c4 e5 12. Nc3 Nc7 13. d3 Be6 14. Rc1 Qd6 15. Na4 d4 16. Qd2 Rab8 17. Rfe1 Bd7 18. Qa5 Ne6 19. exd4 exd4 20. Bh3 Ng5 21. Bg2 Ne6 22. Re2 f5 23. Rce1 Rbe8 24. Re5 f4 25. Qxa7 f3 26. Bh3 Ra8 27. Qb7 Rfb8 28. Rxe6 Rxb7 29. Rxd6 Bxh3 30. Rxc6 1-0


[Site "https://www.chess.com"]

[Event "Titled Tuesday Blitz May 03 Early 2022"]
[White "Toncheva, Nadya"]
[Black "Subaste, Arman"]
[WhiteFideId "2924056"]
[BlackFideId "5221080"]
[WhiteElo "1884"]
[BlackElo "1856"]
[Result "0-1"]
[Round "04"]
[TimeControl "180+1"]
[Date "2022.05.03"]
[WhiteClock "0:00:03"]
[BlackClock "0:00:20"]

1. e4 g6 2. d4 Bg7 3. c4 d6 4. Nc3 Nc6 5. Be3 e5 6. d5 Nce7 7. Bd3 f5 8. exf5 Nxf5 9. Nf3 Nxe3 10. fxe3 Bh6 11. Qe2 Nf6 12. O-O O-O 13. h3 Qe7 14. Nd2 Bd7 15. Nde4 Nh5 16. b4 Qh4 17. Kh2 Nf6 18. Nxf6+ Rxf6 19. Rxf6 Qxf6 20. Rf1 Qg5 21. Ne4 Qe7 22. c5 Rf8 23. cxd6 cxd6 24. Rf3 a6 25. Qf2 Rxf3 26. Qxf3 Kg7 27. g4 b6 28. Kg3 a5 29. bxa5 bxa5 30. h4 Kg8 31. Qf6 Bf8 32. a3 Bc8 33. Bb5 Bb7 34. Bc6 Ba6 35. g5 Bd3 36. Qxe7 Bxe7 37. Nc3 Bd8 38. Kf3 Bb6 39. Nb5 Bc5 40. Nc7 Bxa3 41. Ne8 Bc2 42. Nc7 Bc5 43. Na6 Bb4 44. Ke2 Bb3 45. Kd3 Be1 46. h5 gxh5 47. Be8 h4 0-1


[Site "https://www.chess.com"]

[Event "Titled Tuesday Blitz May 03 Early 2022"]
[White "Turutin, Alexander"]
[Black "Sebag, Marie"]
[WhiteFideId "4180623"]
[BlackFideId "617822"]
[WhiteElo "2402"]
[BlackElo "2440"]
[Result "1-0"]
[Round "04"]
[TimeControl "180+1"]
[Date "2022.05.03"]
[WhiteClock "0:00:09"]
[BlackClock "0:00:01"]

1. e4 c5 2. Nf3 d6 3. d4 cxd4 4. Nxd4 Nf6 5. Nc3 a6 6. g3 g6 7. Bg2 Bg7 8. O-O O-O 9. h3 Nc6 10. Nxc6 bxc6 11. e5 dxe5 12. Qxd8 Rxd8 13. Bxc6 Bxh3 14. Re1 Rab8 15. Ba4 Ng4 16. Bb3 h5 17. Ne4 Nh6 18. Bd2 Bf5 19. Ba5 Rdc8 20. Rad1 Bg4 21. Rd2 Nf5 22. c3 Bh6 23. Rd7 Nd4 24. Rxe7 Nf3+ 25. Kf1 Nxe1 26. Kxe1 Rxb3 27. axb3 Rb8 28. b4 Bf8 29. Ra7 Rb5 30. Bd8 Bg7 31. Ra8 Be6 32. Ng5 Bd5 33. Rc8 Bb7 34. Rc7 e4 35. Nxf7 e3 36. fxe3 Bf3 37. Kf2 Bg4 38. Ng5 Rf5+ 39. Kg2 Rf8 40. Be7 Re8 41. Bc5 Be5 42. Ra7 Bf6 43. Nh7 Bg7 44. Kf2 Rd8 45. Bd4 Bxd4 46. cxd4 Rd6 47. e4 Rc6 48. Ke3 Rc2 49. e5 Rxb2 50. Kf4 Rb3 51. Kg5 Rxg3 52. Kxg6 Be2+ 53. Kf6 Rf3+ 54. Ke6 Bc4+ 55. Kd6 h4 56. Nf6+ 1-0


[Site "https://www.chess.com"]

[Event "Titled Tuesday Blitz May 03 Early 2022"]
[White "Van den Dikkenberg, Erik"]
[Black "Bettalli, Francesco"]
[WhiteFideId "1005880"]
[BlackFideId "2816453"]
[WhiteElo "2118"]
[BlackElo "2216"]
[Result "0-1"]
[Round "04"]
[TimeControl "180+1"]
[Date "2022.05.03"]
[WhiteClock "0:00:02"]
[BlackClock "0:00:52"]

1. e4 e5 2. Nf3 Nf6 3. Nxe5 Nc6 4. Nxc6 dxc6 5. e5 Ne4 6. Nc3 Nxc3 7. bxc3 Qh4 8. d4 Bf5 9. Rb1 b6 10. Ba6 Qe4+ 11. Kf1 Qxc2 12. Qxc2 Bxc2 13. Rb2 Bf5 14. Bb7 Rb8 15. Bxc6+ Kd8 16. Bg5+ Be7 17. Bxe7+ Kxe7 18. f3 f6 19. exf6+ Kxf6 20. Kf2 h5 21. h3 h4 22. Re1 Rbd8 23. Rbe2 Rd6 24. Be4 Bc8 25. Bc2 Rhd8 26. Re4 g5 27. Bb3 Bf5 28. Re5 R8d7 29. Re8 Bg6 30. R8e6+ Kg7 31. Re7+ Kf6 32. R1e6+ Rxe6 33. Rxe6+ Kg7 34. Re5 Kf6 35. Re6+ Kg7 36. Re5 Kh6 37. Be6 Rd6 38. Bb3 Rc6 39. Re3 Kg7 40. c4 Rd6 41. d5 Kf6 42. Re2 c6 43. dxc6 Rxc6 44. Rd2 a5 45. a4 Bf7 46. Rd4 Ke5 47. Ke3 Kf5 48. Rg4 Re6+ 49. Kf2 Rd6 50. Bc2+ Kf6 51. Ke2 Bh5 52. Re4 Bg6 53. Bd3 Bxe4 54. fxe4 Ke5 55. Ke3 Rd4 56. Kd2 Rd8 57. Ke3 Rd6 58. Kd2 Kd4 59. Ke2 Rf6 60. Bc2 Kxc4 61. Ke3 Rf4 62. Bd1 Kc5 63. Be2 Rf8 64. Bb5 Rd8 65. Kf3 Kd6 66. Kg4 Ke5 67. Kxg5 Kxe4 68. Kxh4 Kf4 69. Kh5 Kf5 70. g4+ Kf6 71. Kh4 Rd4 72. Kg3 Rb4 73. h4 Kg6 74. Kf3 Kf6 75. g5+ Kg6 76. Bd3+ Kh5 77. g6 Kxh4 78. g7 Rg4 0-1


[Site "https://www.chess.com"]

[Event "Titled Tuesday Blitz May 03 Early 2022"]
[White "Varshini, V"]
[Black "Todorovic, Bojan"]
[WhiteFideId "5091241"]
[BlackFideId "917087"]
[WhiteElo "1948"]
[BlackElo "2266"]
[Result "1-0"]
[Round "04"]
[TimeControl "180+1"]
[Date "2022.05.03"]
[WhiteClock "0:00:07"]
[BlackClock "0:00:02"]

1. e4 e5 2. Nf3 Nc6 3. Bb5 Nf6 4. Qe2 d6 5. O-O Be7 6. c3 O-O 7. Rd1 Bd7 8. d4 a6 9. Bc4 Bg4 10. h3 Bh5 11. d5 Nb8 12. Nbd2 Nbd7 13. Nf1 Nc5 14. Ng3 Bg6 15. Bd3 Nxd3 16. Rxd3 c6 17. dxc6 bxc6 18. Nxe5 Qc7 19. Nxg6 hxg6 20. Bf4 Nd7 21. Rad1 Ne5 22. R3d2 Rfd8 23. Be3 Bh4 24. Nf1 f5 25. exf5 gxf5 26. Bf4 Bf6 27. Nh2 Rab8 28. Nf3 Rb5 29. Nd4 Rd5 30. Ne6 Qd7 31. Nxd8 Rxd2 32. Qxd2 Qxd8 33. Qxd6 Qa5 34. b4 Qb5 35. Bxe5 Bxe5 36. Qe6+ Kh7 37. Qb3 Qe2 38. c4 Bd4 39. Qf3 Bxf2+ 40. Kh1 Qxa2 41. Qxf5+ Kh6 42. Rd6+ g6 43. Qxg6# 1-0


[Site "https://www.chess.com"]

[Event "Titled Tuesday Blitz May 03 Early 2022"]
[White "Vasquez Schroeder, Rodrigo"]
[Black "Piesik, Piotr"]
[WhiteFideId "3400042"]
[BlackFideId "1136194"]
[WhiteElo "2561"]
[BlackElo "2190"]
[Result "0-1"]
[Round "04"]
[TimeControl "180+1"]
[Date "2022.05.03"]
[WhiteClock "0:00:59"]
[BlackClock "0:00:52"]

1. e4 g6 2. d4 Bg7 3. Nf3 c6 4. Bc4 d5 5. exd5 cxd5 6. Bb3 Nc6 7. h3 Nf6 8. c3 O-O 9. O-O Bf5 10. Re1 Ne4 11. Nbd2 Na5 12. Bc2 Nxd2 13. Qxd2 Nc4 14. Qe2 Bxc2 15. Qxc2 b5 16. Bg5 Re8 17. Re2 Qd7 18. Rae1 e6 19. Ne5 Nxe5 20. dxe5 a5 21. Qd3 b4 22. c4 Rac8 23. Rd2 h6 24. Bh4 g5 25. Bg3 Red8 26. cxd5 Qxd5 27. Qxd5 Rxd5 28. Rxd5 exd5 29. Rd1 Rc5 30. b3 Kf8 31. f4 gxf4 32. Bxf4 Ke7 33. Be3 Rb5 34. Bd4 Ke6 35. Rf1 Rb8 36. Rf4 Rc8 37. Rf2 Rc1+ 38. Kh2 Bxe5+ 39. Bxe5 Kxe5 40. Rxf7 Rc2 41. Re7+ Kf4 42. Rd7 Ke4 43. Re7+ Kd3 44. Re5 Kd4 45. Rh5 Rxa2 46. Rxh6 Kc3 47. Rd6 d4 48. h4 d3 49. h5 Re2 50. h6 d2 51. h7 Re8 52. g4 Rh8 53. Kg3 Rxh7 54. Kg2 Kc2 0-1


[Site "https://www.chess.com"]

[Event "Titled Tuesday Blitz May 03 Early 2022"]
[White "Vifleemskaia, Svetlana"]
[Black "Saksham, Rautela"]
[WhiteFideId "4129490"]
[BlackFideId "35046977"]
[WhiteElo "1901"]
[BlackElo "1990"]
[Result "0-1"]
[Round "04"]
[TimeControl "180+1"]
[Date "2022.05.03"]
[WhiteClock "0:00:02"]
[BlackClock "0:00:04"]

1. d4 Nf6 2. c4 e6 3. Nc3 Bb4 4. e3 c5 5. Ne2 O-O 6. a3 Bxc3+ 7. Nxc3 cxd4 8. exd4 d5 9. Bg5 Nc6 10. cxd5 exd5 11. Be2 Bf5 12. O-O Re8 13. Bxf6 Qxf6 14. Nxd5 Qd6 15. Bf3 Be6 16. Nc3 Nxd4 17. Bxb7 Rab8 18. Be4 Rxb2 19. Re1 Rc8 20. Nd5 Qc5 21. Ne7+ Qxe7 22. Qxd4 Rcb8 23. Bf5 R2b3 24. Bxe6 fxe6 25. Qg4 Rxa3 26. Rxa3 Qxa3 27. Qxe6+ Kh8 28. Qe8+ Qf8 29. Qd7 Ra8 30. Ra1 a5 31. Ra4 h6 32. h3 Qb8 33. Rg4 Qb1+ 34. Kh2 Qb2 35. Qc6 Qe5+ 36. g3 Rf8 37. Kg2 Qe2 38. Qc5 Qf3+ 39. Kg1 Qd1+ 40. Kg2 Qf3+ 41. Kg1 Rd8 42. Rd4 Re8 0-1


[Site "https://www.chess.com"]

[Event "Titled Tuesday Blitz May 03 Early 2022"]
[White "Visakh N R"]
[Black "Sokolovsky, Yahli"]
[WhiteFideId "25012223"]
[BlackFideId "2820242"]
[WhiteElo "2448"]
[BlackElo "1770"]
[Result "1/2-1/2"]
[Round "04"]
[TimeControl "180+1"]
[Date "2022.05.03"]
[WhiteClock "0:00:47"]
[BlackClock "0:00:05"]

1. e4 g6 2. d4 Bg7 3. Nc3 d6 4. f4 a6 5. a4 b6 6. Nf3 Bb7 7. Bd3 e6 8. O-O Ne7 9. Kh1 Nbc6 10. Be3 Nb4 11. Be2 O-O 12. Ne1 c5 13. Nd3 cxd4 14. Bxd4 Bxd4 15. Nxb4 Bxc3 16. bxc3 a5 17. Na2 Bxe4 18. c4 Nf5 19. Qd2 Qh4 20. Kg1 Bc6 21. Nc3 Qf6 22. Rab1 Rab8 23. Rfd1 Rfd8 24. Bd3 Qd4+ 25. Kh1 Ne3 26. Be4 Qxd2 27. Rxd2 Bxe4 28. Nxe4 Nxc4 29. Rd3 d5 30. Ng5 h6 31. Nf3 Kf8 32. Nd4 Rbc8 33. g4 Ke7 34. Re1 Kf6 35. h4 Nd6 36. Kg2 Rc4 37. Rb1 Rxa4 38. Rxb6 Nc4 39. g5+ hxg5 40. hxg5+ Kg7 41. Rb7 Re8 42. Ra7 Nd6 43. c3 Nf5 44. Nxf5+ gxf5 45. Rg3 Rxf4 46. g6 Rf8 47. gxf7+ Kf6 48. Rh3 Rg4+ 49. Kf3 Rxf7 50. Rxa5 Rc7 51. Ra3 Rgc4 52. Ke2 Re4+ 53. Kd3 Rg7 54. Ra6 Ke5 55. Rh6 Rg3+ 56. Kc2 Kf4 57. Raxe6 Rxe6 58. Rxe6 Rg8 59. Kd3 Rc8 60. Rd6 Ke5 61. Rh6 Rg8 62. Rh7 Rg3+ 63. Kd2 f4 64. Re7+ Kf5 65. Rf7+ Ke4 66. Re7+ Kf3 67. Re5 Kg2 68. Rxd5 f3 69. Rf5 f2 70. Ke2 Rxc3 71. Rg5+ Kh3 72. Kxf2 Kh4 73. Re5 Rc2+ 74. Re2 Rxe2+ 75. Kxe2 1/2-1/2


[Site "https://www.chess.com"]

[Event "Titled Tuesday Blitz May 03 Early 2022"]
[White "Vokhidov, Shamsiddin"]
[Black "Vokarev, Sergey"]
[WhiteFideId "14204223"]
[BlackFideId "4119711"]
[WhiteElo "2611"]
[BlackElo "2343"]
[Result "1-0"]
[Round "04"]
[TimeControl "180+1"]
[Date "2022.05.03"]
[WhiteClock "0:01:08"]
[BlackClock "0:00:48"]

1. e4 c5 2. Nf3 Nc6 3. Bb5 g6 4. Bxc6 bxc6 5. O-O Bg7 6. Re1 Nh6 7. c3 O-O 8. d4 cxd4 9. cxd4 d5 10. exd5 cxd5 11. h3 Nf5 12. Nc3 e6 13. Bf4 Bd7 14. Qd2 Rc8 15. Rac1 Re8 16. b3 Qa5 17. Ne5 Bb5 18. g4 Ne7 19. Nxd5 Qxd2 20. Nxe7+ Kf8 21. Bxd2 Kxe7 22. Bb4+ Kf6 23. a4 Ba6 24. Nd7+ Kg5 25. Bd2+ Kh4 26. Kh2 Bxd4 27. Ne5 Bb7 28. Nxf7 Bf6 29. Bf4 1-0


[Site "https://www.chess.com"]

[Event "Titled Tuesday Blitz May 03 Early 2022"]
[White "Vusatiuk, Vladimir"]
[Black "Silvestre, Christian"]
[WhiteFideId "14118610"]
[BlackFideId "30956269"]
[WhiteElo "2157"]
[BlackElo "2357"]
[Result "1-0"]
[Round "04"]
[TimeControl "180+1"]
[Date "2022.05.03"]
[WhiteClock "0:00:46"]
[BlackClock "0:00:16"]

1. d4 Nf6 2. c4 g6 3. h4 Bg7 4. Nc3 d6 5. e4 h5 6. Be2 O-O 7. Nf3 e5 8. Bg5 Nc6 9. d5 Ne7 10. Qd2 Re8 11. O-O Bg4 12. b4 a5 13. a3 axb4 14. axb4 Qd7 15. c5 Nh7 16. Be3 f5 17. cxd6 cxd6 18. Bb5 Qc8 19. Rxa8 Qxa8 20. Bxe8 Qxe8 21. Ng5 f4 22. Bb6 Nxg5 23. hxg5 f3 24. gxf3 Bxf3 25. Qe3 Qf7 26. Ra1 Bf8 27. Bd8 h4 28. Ra8 h3 29. Bxe7 Qxe7 30. Qxf3 Qxg5+ 31. Kh2 1-0


[Site "https://www.chess.com"]

[Event "Titled Tuesday Blitz May 03 Early 2022"]
[White "Wagh Suyog"]
[Black "Richter, Nils"]
[WhiteFideId "25071688"]
[BlackFideId "12990809"]
[WhiteElo "2181"]
[BlackElo "2243"]
[Result "1/2-1/2"]
[Round "04"]
[TimeControl "180+1"]
[Date "2022.05.03"]
[WhiteClock "0:00:14"]
[BlackClock "0:00:36"]

1. e4 e6 2. d4 d5 3. Nd2 c5 4. exd5 Qxd5 5. Ngf3 Nf6 6. Bc4 Qd6 7. O-O cxd4 8. Nb3 Nc6 9. Nbxd4 Nxd4 10. Nxd4 Be7 11. c3 O-O 12. Qf3 Qc7 13. Bd3 Bd7 14. Re1 Bc6 15. Qh3 Rfd8 16. Bg5 g6 17. Qh4 Nd5 18. Bxe7 Qxe7 19. Qg3 Qf6 20. Rad1 Qf4 21. Be4 Qxg3 22. hxg3 Rac8 23. Nxc6 bxc6 24. Rd4 Nb6 25. Rxd8+ Rxd8 26. Bxc6 Rd2 27. Rb1 Nc4 28. b3 Ne5 29. Ba4 Rxa2 30. c4 Nd3 31. f3 Nc5 32. Bb5 Rc2 33. b4 Nd3 34. c5 Nxb4 35. Rxb4 Rxc5 36. Bf1 a5 37. Rb5 Rxb5 38. Bxb5 Kg7 39. Kf2 f5 40. f4 Kf6 41. Ke3 e5 42. Ba4 h6 43. Bb3 g5 44. Ba2 h5 45. Kf3 a4 46. Bc4 a3 47. Ba2 h4 48. fxe5+ Kxe5 49. gxh4 gxh4 50. Ke3 f4+ 51. Kf3 h3 52. gxh3 Kf6 53. Kxf4 Kg7 54. Kg5 Kh8 55. h4 Kg7 56. h5 Kh8 57. h6 Kh7 58. Kh5 Kh8 59. Kg6 1/2-1/2


[Site "https://www.chess.com"]

[Event "Titled Tuesday Blitz May 03 Early 2022"]
[White "Wagner, Dennis"]
[Black "Wagner, Dinara"]
[WhiteFideId "24650684"]
[BlackFideId "24157570"]
[WhiteElo "2355"]
[BlackElo "2216"]
[Result "1/2-1/2"]
[Round "04"]
[TimeControl "180+1"]
[Date "2022.05.03"]
[WhiteClock "0:00:11"]
[BlackClock "0:00:06"]

1. d4 Nf6 2. Nf3 d5 3. c4 e6 4. Bg5 dxc4 5. e4 Bb4+ 6. Nbd2 h6 7. Bxf6 Qxf6 8. Bxc4 c5 9. O-O cxd4 10. e5 Qd8 11. Ne4 Nc6 12. Qe2 a6 13. Rac1 b5 14. Bd3 Bb7 15. a3 Be7 16. Nc5 Bxc5 17. Rxc5 Ne7 18. Rfc1 O-O 19. Be4 Bxe4 20. Qxe4 Nf5 21. g4 Nh4 22. Nxh4 Qxh4 23. Qxd4 Rfd8 24. Qf4 h5 25. Re1 Qxg4+ 26. Qxg4 hxg4 27. Re4 Rd2 28. b4 Rad8 29. Rxg4 Ra2 30. Rc7 Rxa3 31. Rf4 Rf8 32. h4 Rb3 33. Ra7 Kh7 34. Kg2 Kg6 35. Rxa6 Rd8 36. Ra7 f6 37. h5+ Kg5 38. Re4 f5 39. Re1 Rxb4 40. Rxg7+ Kf4 41. h6 Rh8 42. h7 Ra4 43. Rh1 Raa8 44. Rh6 Kxe5 45. Re7 Kf4 46. Rhxe6 Rab8 47. Rc6 b4 48. Rc1 b3 49. Rb1 b2 50. Re2 Kg5 51. Rbxb2 Rxb2 52. Rxb2 Rxh7 53. Rb3 Rd7 54. Kf3 Rd4 55. Rc3 Ra4 56. Kg2 Rb4 57. Rg3+ Kf6 58. Rg8 Ra4 59. Rf8+ Kg6 60. Rb8 Rc4 61. Rb6+ Kg5 62. Kg3 Ra4 63. Kf3 Rc4 64. Kg3 Ra4 65. Kf3 Rc4 66. Kg3 1/2-1/2


[Site "https://www.chess.com"]

[Event "Titled Tuesday Blitz May 03 Early 2022"]
[White "Williams, Simon K"]
[Black "Demchenko, Anton"]
[WhiteFideId "404454"]
[BlackFideId "4160258"]
[WhiteElo "2468"]
[BlackElo "2539"]
[Result "0-1"]
[Round "04"]
[TimeControl "180+1"]
[Date "2022.05.03"]
[WhiteClock "0:00:03"]
[BlackClock "0:00:04"]

1. d4 Nf6 2. Bg5 g6 3. Bxf6 exf6 4. e3 d5 5. Ne2 Bd6 6. c4 dxc4 7. Nec3 Be6 8. Nd2 O-O 9. Bxc4 Qe7 10. O-O c6 11. e4 Rd8 12. Qb3 Na6 13. Rfe1 Bf4 14. Nf3 Bg4 15. Ne2 Bc7 16. h3 Bxf3 17. Qxf3 Nb4 18. Qc3 c5 19. dxc5 a5 20. a3 Be5 21. Qb3 Na6 22. Bxa6 bxa6 23. Rac1 Rab8 24. Qc4 Bxb2 25. Rc2 Bxa3 26. c6 Bb4 27. Rec1 Rbc8 28. Nf4 Qe5 29. Nd5 f5 30. c7 Rd6 31. f3 fxe4 32. fxe4 Re6 33. Rf1 Bd6 34. Nf4 Rf6 35. g3 Rxc7 36. Qd3 Rxc2 37. Qxc2 Qd4+ 38. Kg2 Bxf4 39. gxf4 Re6 40. Re1 a4 41. Re2 a3 42. h4 h5 43. e5 Qd5+ 44. Qe4 Qxe4+ 45. Rxe4 Rb6 46. Ra4 Rb2+ 47. Kf3 Rb3+ 48. Ke4 Rh3 49. Rxa6 Rxh4 50. Rxa3 g5 51. Ra8+ Kg7 52. Kf5 gxf4 53. Ra7 Kf8 54. Kf6 Kg8 55. Ra8+ Kh7 56. Kxf7 f3 57. Ra3 Rf4+ 58. Ke6 f2 0-1


[Site "https://www.chess.com"]

[Event "Titled Tuesday Blitz May 03 Early 2022"]
[White "Yang, Kaiqi"]
[Black "Navalgund, Niranjan"]
[WhiteFideId "8604398"]
[BlackFideId "5030854"]
[WhiteElo "2373"]
[BlackElo "2290"]
[Result "0-1"]
[Round "04"]
[TimeControl "180+1"]
[Date "2022.05.03"]
[WhiteClock "0:00:10"]
[BlackClock "0:00:06"]

1. d4 Nf6 2. c4 e6 3. Nc3 Bb4 4. e3 c5 5. Ne2 O-O 6. a3 cxd4 7. axb4 dxc3 8. bxc3 b6 9. Ng3 Bb7 10. Be2 Bxg2 11. Rg1 Bb7 12. b5 d5 13. Ba3 Re8 14. cxd5 Qxd5 15. Qc2 Nbd7 16. c4 Qe5 17. Bb2 Qc5 18. Qc3 e5 19. Nf5 g6 20. Ba3 Qc7 21. Bd6 Qd8 22. Qb4 Re6 23. Rd1 Qe8 24. h4 Kh8 25. Nh6 Ne4 26. Bg4 f5 27. Bh3 Rxd6 28. Rxd6 Nxd6 29. Qxd6 Rc8 30. h5 Qf8 31. Qxd7 Qb4+ 32. Kf1 Qxc4+ 33. Ke1 Qb4+ 34. Qd2 Rc1+ 35. Ke2 Qc4+ 36. Qd3 Rc2+ 0-1


[Site "https://www.chess.com"]

[Event "Titled Tuesday Blitz May 03 Early 2022"]
[White "Yuan, Qingyu"]
[Black "Devaev, Alexander"]
[WhiteFideId "8609772"]
[BlackFideId "4169395"]
[WhiteElo "2359"]
[BlackElo "2185"]
[Result "1-0"]
[Round "04"]
[TimeControl "180+1"]
[Date "2022.05.03"]
[WhiteClock "0:00:26"]
[BlackClock "0:00:01"]

1. e4 c6 2. Nf3 d5 3. Nc3 dxe4 4. Nxe4 Nf6 5. Qe2 Bf5 6. Nxf6+ gxf6 7. d3 Nd7 8. Bd2 e6 9. Nh4 Bg6 10. f4 f5 11. g3 Bg7 12. Bg2 Nb6 13. c3 Bf6 14. Nf3 Bh5 15. O-O O-O 16. Be3 Qd7 17. Rad1 Bxf3 18. Bxf3 Kh8 19. d4 Rad8 20. Kh1 Rg8 21. Rd2 Nd5 22. Bf2 b5 23. Rc1 a6 24. b3 Rc8 25. c4 Ne7 26. Be3 Rgd8 27. Qg2 Ng6 28. Rcd1 Ne7 29. Qh3 Rg8 30. Bh5 Ng6 31. Qf1 Kg7 32. Qf2 Rgd8 33. Bf3 Qe7 34. Qg2 Qd7 35. h3 Rg8 36. Kh2 Kh8 37. Qf2 Rgd8 38. d5 cxd5 39. cxd5 e5 40. d6 e4 41. Be2 Kg7 42. g4 Bc3 43. Rd5 b4 44. gxf5 Nf8 45. f6+ Bxf6 46. Bg4 1-0


[Site "https://www.chess.com"]